 Dungeon Crawl Stone Soup version 0.23.2-33-g5129a83184 (webtiles) character file.

Game seed: 7890704210671967219

79758 DildoBatman the Reanimator (level 16, -2/117 (122) HPs)
             Began as a Formicid Wizard on July 21, 2019.
             Was an Initiate of Gozag.
             Slain by a spriggan rider
             ... wielding the +8 spear of the Crushed Hells {vamp, Dex+9 SInv}
              (32 damage)
             ... on level 6 of the Lair of Beasts on July 22, 2019.
             The game lasted 02:03:32 (24293 turns).

DildoBatman the Reanimator (Formicid Wizard)       Turns: 24293, Time: 02:03:32

HP:   -2/117 (122)  AC:  8    Str: 15    XL:     16   Next: 12%
MP:   7/30          EV: 18    Int: 26    God:    Gozag
Gold: 4342          SH: 10    Dex:  9    Spells: 19/36 levels left

rFire    . . .     SeeInvis +   a - +5 halberd (freeze)
rCold    . . .     Gourm    .   O - +0 shield
rNeg     . . .     Faith    .   N - +0 troll leather armour
rPois    +         Spirit   .   (helmet unavailable)
rElec    .         Reflect  .   p - +0 cloak
rCorr    .         Harm     .   (no gloves)
MR       +....                  k - +0 pair of boots
Stlth    +++.......             t - amulet of the acrobat
HPRegen  0.69/turn              E - +3 ring of evasion
MPRegen  0.22/turn              g - ring of poison resistance

@: gold aura
A: permanent stasis, dig shafts and tunnels, four strong arms, antennae 3,
talons 2, clever 1, strong 1
a: Dig, Shaft Self, Potion Petition, Call Merchant, Bribe Branch, Renounce
Religion


You were on level 6 of the Lair of Beasts.
You worshipped Gozag.
Gozag was most pleased with you.
You were not hungry.

You visited 4 branches of the dungeon, and saw 21 of its levels.
You also visited: Sewer and Ossuary.

You collected 5555 gold pieces.
You spent 757 gold pieces at shops.
You paid 456 gold pieces to Gozag.

Inventory:

Hand Weapons
 a - a +5 halberd of freezing (weapon)
 b - a +4 shortbow of velocity
Missiles
 d - 496 arrows
 o - 555 bolts
 u - 152 sling bullets
Armour
 k - a +0 pair of boots (worn)
 p - a +0 cloak (worn)
 N - a +0 troll leather armour (worn)
 O - a +0 shield (worn)
Jewellery
 g - a ring of poison resistance (right hand)
 t - an amulet of the acrobat (around neck)
 B - the ring of Shadows {Umbra +Inv Stlth+}
   (You found it on level 5 of the Dungeon)

   [ring of stealth]

   It lets you turn invisible.
   It makes you more stealthy.
 D - an uncursed ring of positive energy
 E - a +3 ring of evasion (left hand)
 H - an uncursed ring of protection from magic
Wands
 f - a wand of disintegration (9)
 A - a wand of scattershot (7)
 K - a wand of flame (44)
 R - a wand of paralysis (2)
 U - a wand of enslavement (7)
Scrolls
 j - 4 scrolls of immolation
 l - 2 scrolls of amnesia {unknown}
 m - 3 scrolls of fog
 n - 3 scrolls of magic mapping
 x - 15 scrolls of remove curse
 z - 14 scrolls of identify
 I - 4 scrolls of enchant weapon
 J - a scroll of holy word
 L - 3 scrolls of enchant armour {unknown}
 Q - a scroll of summoning {unknown}
 S - 2 scrolls of fear
Potions
 e - 2 potions of agility
 h - 2 potions of invisibility
 i - 8 potions of curing
 q - 5 potions of resistance
 r - 3 potions of might
 s - 4 potions of brilliance
 C - 2 potions of flight
 F - 5 potions of heal wounds
 M - a potion of magic
 W - a potion of ambrosia {unknown}
 X - 2 potions of mutation
Miscellaneous
 G - a fan of gales
Comestibles
 v - 25 rations


   Skills:
 - Level 10.0 Fighting
 - Level 6.0 Polearms
 - Level 10.0 Armour
 - Level 8.0 Dodging
 * Level 8.6 Stealth
 - Level 9.0 Shields
 * Level 10.9 Spellcasting
 - Level 6.3 Conjurations
   Level 1.0 Summonings
 * Level 10.9 Necromancy
   Level 0.8 Translocations
 - Level 4.0 Fire Magic
 - Level 4.0 Air Magic
 - Level 8.0 Poison Magic
 * Level 7.9 Evocations


You had 19 spell levels left.
You knew the following spells:

 Your Spells              Type           Power        Failure   Level  Hunger
a - Conjure Flame         Conj/Fire      #####...     1%          3    None
c - Magic Dart            Conj           ####         1%          1    None
d - Vampiric Draining     Necr           ######....   1%          3    None
e - Mephitic Cloud        Conj/Pois/Air  #####...     1%          3    None
h - Dispel Undead         Necr           ######..     1%          5    ###....
z - Sublimation of Blood  Necr           ######....   1%          2    None

Your spell library contained the following spells:

 Spells                   Type           Power        Failure   Level  Hunger
 Pain                     Necr           ####         1%          1    None
 Corpse Rot               Necr           N/A          1%          2    None
 Poisonous Vapours        Pois/Air       #####.       1%          2    None
 Searing Ray              Conj           #####.       1%          2    None
 Static Discharge         Conj/Air       #####...     1%          3    None
 Animate Dead             Necr           N/A          1%          4    None
 Agony                    Necr           ######..     1%          5    ###....
 Iskenderun's Mystic Bla  Conj           #####...     3%          4    None
 Corona                   Hex            ##.....      4%          1    None
 Call Imp                 Summ           ###.....     4%          2    None
 Dazzling Spray           Conj/Hex       ####..       4%          3    None
 Inner Flame              Hex/Fire       ###.....     7%          3    None
 Slow                     Hex            ##......     8%          2    None
 Force Lance              Conj/Tloc      ####....     12%         4    None
 Portal Projectile        Hex/Tloc       ###...       13%         3    None
 Fulminant Prism          Conj/Hex       ####......   14%         4    None
 Excruciating Wounds      Chrm/Necr      #####.....   14%         5    ###....
 Lightning Bolt           Conj/Air       #####.....   17%         5    ###....
 Cause Fear               Hex            ##........   45%         4    None
 Leda's Liquefaction      Hex/Erth       ##........   45%         4    None
 Simulacrum               Ice/Necr       #####.....   63%         6    #####..
 Freezing Cloud           Conj/Ice/Air   ####......   88%         6    #####..
 Haunt                    Necr/Summ      #####.....   98%         7    ######.
 Borgnjor's Revivificati  Necr           ######....   98%         8    #######
 Infestation              Necr           ######....   98%         8    #######
 Ring of Flames           Chrm/Fire      ###.......   100%        7    ######.
 Death's Door             Chrm/Necr      #####.....   100%        8    #######
 Ignition                 Fire           #####.....   100%        8    #######
 Necromutation            Tmut/Necr      #####.....   100%        8    #######
 Shatter                  Erth           ##........   100%        9    #######
 Tornado                  Air            #####.....   100%        9    #######
 Blink                    Tloc           Unusable     N/A         2    N/A

Dungeon Overview and Level Annotations

Branches:
Dungeon (12/15)            Temple (1/1) D:4            Lair (6/6) D:8
  Swamp (0/4) Lair:3       Spider (0/4) Lair:4        Slime (0/5) Lair:6
    Orc (2/2) D:9             Elf (0/3) Orc:2

Altars:
Ashenzari
Cheibriados
Dithmenos
Elyvilon
Fedhas
Gozag
Hepliaklqana
Kikubaaqudgha
Makhleb
Nemelex Xobeh
Okawaru
Qazlal
Ru
Sif Muna
Trog
Uskayaw
Vehumet
Wu Jian
Xom
Yredelemnul
Zin
The Shining One
Beogh

Shops:
D:9 *   Orc:2 ?!**

Annotations:
D:12 1 runed translucent door, Brecoman's ghost, journeyman DDEE
Lair:1 1 runed translucent door, exclusion: 2 oklob plants, Lokunos's ghost, journeyman GnWn


Innate Abilities, Weirdness & Mutations

You cannot be hasted, slowed, berserked, paralysed or teleported.
You can dig through walls and to a lower floor.
Your four strong arms can wield two-handed weapons with a shield.
You have a pair of large antennae on your head. (SInv)
You have razor-sharp toenails.
Your mind is acute. (Int +2)
Your muscles are strong. (Str +2)


Message History

The spriggan rider appears confused.
The spriggan is engulfed in noxious fumes.
The spriggan appears confused.
The spriggan rider is engulfed in noxious fumes.
The spriggan is engulfed in noxious fumes.
The spriggan rider hits you with the +8 spear of the Crushed Hells {vamp, Dex+9 SInv}!!
The spriggan rider draws strength from your wounds!
Casting: Mephitic Cloud (safe; 1% risk of failure)
Confirm with . or Enter, or press ? or * to list all spells.
Aiming: Vampiric Draining (safe; 1% risk of failure)
Press: ? - help, Shift-Dir - straight line, f/p - spriggan rider
Aim: a spriggan rider, wielding the +8 spear of the Crushed Hells {vamp, Dex+9 SInv}, wearing a +1 robe and wearing a +2 buckler (berserk, fast, unusually strong, confused)
The spriggan rider is lightly wounded.
You feel life coursing into your body.
The spriggan is engulfed in noxious fumes.
The spriggan appears confused.
The spriggan rages.
The spriggan rider hits you with the +8 spear of the Crushed Hells {vamp, Dex+9 SInv}!!
You die...
Your body crumbles into a pile of gold.

.......#..#.##...#####....#......
#.....######...###.i.###..#....##
#....###.P....###......##.##....P
........P.....# ###..#.##.......P
.......P.....####≈#..#####......<
.............#.###(=?≈#..#.......
.....PP......#....._(##.©#.......
..#...P......#...#.......#.....P.
.....#.......##.@#{i....##.....#.
.#...##.......#..i##.$..#.......#
#.#####P......####i○$..##......##
.########......###°○°###.......##
####..####.......#####.........P#
###....##.....#....©.....#P......
#.....###...###.)..)....##.....#
##....## #..P###.....#..###....##
###..## #.P.##........#.#.....##


You could see a spriggan rider (berserk) and a spriggan (berserk).

Vanquished Creatures
  Donald (Orc:2)
  2 entropy weavers (Lair:5)
  The ghost of milododd the Thaumaturge, a journeyman DsIE of Kikubaaqudgha (Lair:6)
  A fire dragon (Lair:6)
  An ice dragon (Lair:6)
  11 hydras
  4 two-headed ogres
  A queen ant (Lair:5)
  An orc high priest (Orc:1)
  8 death yaks
  3 skeletal warriors (D:12)
  2 unseen horrors
  A swamp dragon (Lair:6)
  2 orc knights (Orc:2)
  A lindwurm (Lair:6)
  An oklob plant (Lair:6)
  2 ugly things
  A deep elf mage (D:12)
  2 cyclopes
  A manticore (D:12)
  5 black mambas
  14 elephants
  A moth of wrath (Lair:6)
  Joseph (D:7)
  6 torpor snails
  2 centaur zombies
  13 spiny frogs
  A gargoyle (D:11)
  7 komodo dragons
  8 rime drakes
  3 hydra zombies
  8 tyrant leeches
  A death yak skeleton (Lair:3)
  6 trolls
  7 blink frogs
  6 hornets (Lair:6)
  A hydra skeleton (Lair:5)
  A slime creature (D:12)
  Prince Ribbit (D:4)
  7 hippogriffs
  A black mamba zombie (Lair:6)
  A redback (Lair:4)
  3 spriggans (Lair:6)
  A shadow (D:11)
  Sigmund (D:5)
  A vampire (D:11)
  4 wyverns
  43 yaks
  2 black mamba skeletons
  7 basilisks
  A steam dragon (D:11)
  Eustachio (D:6)
  3 hungry ghosts
  Edmund (D:4)
  A swamp worm (Lair:3)
  6 wargs
  2 acid dragons
  14 water moccasins
  15 soldier ants (Lair:5)
  7 porcupines
  4 spiny frog skeletons
  9 ice beasts
  2 spiny frog zombies
  5 phantoms
  3 sky beasts
  38 orc warriors
  A hornet zombie (D:12)
  5 wolves (Lair:2)
  12 ogres
  16 centaurs
  A hippogriff zombie (Lair:2)
  A rime drake zombie (Lair:5)
  A torpor snail zombie (Lair:6)
  13 crocodiles
  5 big kobolds
  3 komodo dragon zombies
  A rime drake skeleton (Lair:1)
  14 bullfrogs
  A gnoll sergeant (D:5)
  A komodo dragon skeleton (Lair:5)
  A water moccasin zombie (Lair:1)
  5 scorpions
  A cyclops zombie (D:12)
  2 wyvern skeletons
  11 killer bees
  A yak skeleton (Lair:5)
  6 wights
  An electric eel (Lair:1)
  6 howler monkeys
  3 crimson imps
  A bullfrog zombie (D:5)
  A lava snake (Lair:4)
  5 quasits
  10 hounds
  9 jellies
  5 centaur skeletons
  Crazy Yiuf (D:2)
  9 orc priests
  A gnoll shaman (D:6)
  6 bullfrog skeletons
  5 iguanas
  26 orc wizards
  21 worker ants
  A porcupine skeleton (Lair:1)
  A killer bee zombie (D:7)
  6 big kobold zombies (Ossuary)
  An acid dragon zombie (D:12)
  A crocodile zombie (Lair:5)
  2 crocodile skeletons
  A hound skeleton (D:8)
  3 mummies
  A howler monkey zombie (D:9)
  Robin (D:1)
  A worker ant zombie (D:11)
  10 gnolls
  2 howler monkey skeletons
  3 river rats (Sewer)
  23 adders
  3 orc skeletons (Orc:2)
  A shadow imp (D:10)
  7 oozes
  2 adder skeletons
  5 adder zombies
  4 worms (Sewer)
  A dart slug (D:4)
  3 leopard geckos
  91 orcs
  4 ball pythons
  A bat skeleton (D:12)
  7 giant cockroaches
  17 goblins
  8 hobgoblins
  13 jackals
  10 quokkas
  7 bats
  10 frilled lizards
  3 gnoll zombies (Ossuary)
  4 hobgoblin zombies (Ossuary)
  A jackal skeleton (D:6)
  14 kobolds
  4 kobold zombies (Ossuary)
  5 orc zombies
  2 quokka skeletons
  10 rats
828 creatures vanquished.

Vanquished Creatures (collateral kills)
  3 soldier ants (Lair:5)
  A killer bee (D:10)
  A worker ant (Lair:5)
5 creatures vanquished.

Vanquished Creatures (others)
  A centaur skeleton (D:12)
  A soldier ant (Lair:5)
  A crocodile (Lair:6)
  3 worker ants (Lair:5)
  A fire vortex (Lair:4)
  9 fungi
  23 plants
39 creatures vanquished.

Grand Total: 872 creatures vanquished

Notes
Turn   | Place    | Note
-------+----------+-------------------------------------------
     0 | D:1      | DildoBatman the Formicid Wizard began the quest for the
                  | Orb.
     0 | D:1      | Reached XP level 1. HP: 13/13 MP: 4/4
    53 | D:1      | Reached skill level 1 in Conjurations
   184 | D:1      | Reached XP level 2. HP: 19/19 MP: 0/6
   724 | D:1      | Reached XP level 3. HP: 24/24 MP: 4/7
   729 | D:1      | Learned a level 3 spell: Conjure Flame
   733 | D:1      | Learned a level 3 spell: Mephitic Cloud
  1273 | D:2      | Noticed Robin
  1413 | D:2      | Reached XP level 4. HP: 20/30 MP: 1/8
  1801 | D:2      | Found a runed translucent door.
  1802 | D:2      | Noticed Crazy Yiuf
  2266 | D:3      | Reached XP level 5. HP: 35/35 MP: 4/9
  2496 | D:3      | Noticed an ice beast
  2523 | D:3      | Found a glowing drain.
  2572 | Sewer    | Entered a sewer
  2680 | Sewer    | Reached XP level 6. HP: 30/41 MP: 10/10
  2697 | Sewer    | Reached skill level 5 in Conjurations
  3208 | Sewer    | Reached XP level 7. HP: 41/46 MP: 2/11
  3244 | Sewer    | Reached skill level 1 in Poison Magic
  3332 | Sewer    | Gained mutation: You are robust. (+10% HP) [potion of
                  | mutation]
  3332 | Sewer    | Gained mutation: You are clumsy. (Dex -2) [potion of
                  | mutation]
  3332 | Sewer    | Gained mutation: You have sharp toenails. [potion of
                  | mutation]
  3333 | Sewer    | Lost mutation: You have sharp toenails. [potion of
                  | mutation]
  3333 | Sewer    | Lost mutation: You are clumsy. (Dex -2) [potion of
                  | mutation]
  3333 | Sewer    | Gained mutation: You are surrounded by a mild repulsion
                  | field. (EV +2) [potion of mutation]
  3333 | Sewer    | Gained mutation: You are partially covered in icy blue
                  | scales. (AC +2) [potion of mutation]
  3333 | Sewer    | Gained mutation: You expend magic power (3 MP) to
                  | strengthen your wands. [potion of mutation]
  3593 | D:4      | Reached skill level 1 in Fire Magic
  3670 | D:4      | Found a staircase to the Ecumenical Temple.
  3683 | Temple   | Entered the Ecumenical Temple
  3910 | D:4      | Reached skill level 1 in Air Magic
  4051 | D:4      | Got a spiked scale mail
  4183 | D:4      | Found a shadowy altar of Dithmenos.
  4183 | D:4      | Found a glowing silver altar of Zin.
  4184 | D:4      | Found a bloodstained altar of Trog.
  4286 | D:5      | Entered Level 5 of the Dungeon
  4288 | D:5      | Noticed Edmund
  4289 | D:5      | Found the ring of Shadows {Umbra +Inv Stlth+}
  4400 | D:4      | Identified the +3 scale mail of the Fiddle {Int+3} (You
                  | found it on level 4 of the Dungeon)
  4496 | D:5      | Reached XP level 8. HP: 44/57 MP: 3/13
  4670 | D:5      | Noticed Prince Ribbit
  5183 | D:6      | Noticed Eustachio
  5258 | D:6      | Noticed Sigmund
  5989 | D:7      | Reached skill level 5 in Stealth
  5989 | D:7      | Reached XP level 9. HP: 62/62 MP: 2/15
  6078 | D:7      | Reached skill level 5 in Poison Magic
  6186 | D:7      | Noticed a hippogriff
  6384 | D:7      | Noticed Joseph
  6865 | D:8      | Found an ancient bone altar of Kikubaaqudgha.
  6865 | D:8      | Found an iron altar of Okawaru.
  6868 | D:8      | Found a stormy altar of Qazlal.
  6873 | D:8      | Became a worshipper of Kikubaaqudgha
  7070 | D:8      | Found a sand-covered staircase.
  7123 | Ossuary  | Entered an ossuary
  7181 | Ossuary  | Reached skill level 1 in Shields
  7204 | Ossuary  | Reached * piety under Kikubaaqudgha
  7204 | Ossuary  | Identified Kikubaaqudgha's Guide on Dark Rituals
                  | (Kikubaaqudgha gifted it to you in an ossuary)
  7204 | Ossuary  | Received a gift from Kikubaaqudgha
  7364 | Ossuary  | Lost mutation: You are robust. (+10% HP) [potion of
                  | mutation]
  7364 | Ossuary  | Lost mutation: You are partially covered in icy blue
                  | scales. (AC +2) [potion of mutation]
  7364 | Ossuary  | Lost mutation: You expend magic power (3 MP) to strengthen
                  | your wands. [potion of mutation]
  7364 | Ossuary  | Gained mutation: Scrolls take you a little longer to read.
                  | [potion of mutation]
  7364 | Ossuary  | Gained mutation: You are weak. (Str -2) [potion of
                  | mutation]
  7364 | Ossuary  | Gained mutation: You have sharp toenails. [potion of
                  | mutation]
  7388 | D:8      | Found a staircase to the Lair.
  7388 | D:8      | Noticed a hippogriff
  7408 | D:8      | Killed a hippogriff
  7456 | D:8      | Reached XP level 10. HP: 42/63 MP: 4/16
  7503 | D:8      | Reached skill level 5 in Shields
  7911 | D:7      | Killed Joseph
  8308 | D:6      | Killed Eustachio
  8308 | D:6      | Reached ** piety under Kikubaaqudgha
  8400 | D:5      | Killed Sigmund
  8461 | D:4      | Killed Prince Ribbit
  8461 | D:4      | Reached skill level 1 in Fighting
  8461 | D:4      | Reached skill level 1 in Armour
  8506 | D:4      | Killed Edmund
  8871 | D:3      | Lost mutation: Scrolls take you a little longer to read.
                  | [potion of mutation]
  8871 | D:3      | Lost mutation: You are weak. (Str -2) [potion of mutation]
  8871 | D:3      | Gained mutation: Your body sometimes deteriorates upon
                  | taking damage. [potion of mutation]
  8871 | D:3      | Gained mutation: Scrolls take you a little longer to read.
                  | [potion of mutation]
  8871 | D:3      | Lost mutation: Scrolls take you a little longer to read.
                  | [potion of mutation]
  8871 | D:3      | Gained mutation: You are agile. (Dex +2) [potion of
                  | mutation]
  9204 | D:2      | Killed Crazy Yiuf
  9275 | D:1      | Killed Robin
  9933 | D:9      | Reached XP level 11. HP: 75/75 MP: 8/17
 10042 | D:9      | Reached *** piety under Kikubaaqudgha
 10042 | D:9      | Identified Kikubaaqudgha's Guide on Dark Rituals
                  | (Kikubaaqudgha gifted it to you on level 9 of the Dungeon)
 10042 | D:9      | Received a gift from Kikubaaqudgha
 10282 | D:9      | Reached skill level 1 in Necromancy
 10533 | D:9      | Reached skill level 5 in Fighting
 10533 | D:9      | Reached skill level 5 in Armour
 10567 | D:9      | Found Heug Nou's General Store.
 10572 | D:9      | Bought a scroll of identify for 28 gold pieces
 10628 | D:9      | Learned a level 5 spell: Dispel Undead
 10632 | D:9      | Learned a level 3 spell: Vampiric Draining
 10635 | D:9      | Learned a level 2 spell: Sublimation of Blood
 10672 | D:9      | Reached skill level 5 in Spellcasting
 10683 | D:9      | Reached **** piety under Kikubaaqudgha
 10736 | D:9      | Found a staircase to the Orcish Mines.
 10899 | D:10     | Entered Level 10 of the Dungeon
 11485 | D:10     | Reached skill level 5 in Necromancy
 11672 | D:10     | Reached ***** piety under Kikubaaqudgha
 12440 | D:11     | Reached XP level 12. HP: 85/86 MP: 7/19
 12455 | D:11     | Noticed an unseen horror
 12467 | D:11     | Killed an unseen horror
 12633 | D:11     | Reached skill level 1 in Evocations
 12676 | D:11     | Noticed a two-headed ogre
 12787 | D:11     | Noticed a two-headed ogre
 12815 | D:11     | Killed a two-headed ogre
 13072 | D:11     | Killed a two-headed ogre
 13101 | D:11     | Found a shimmering altar of Xom.
 13254 | Orc:1    | Entered Level 1 of the Orcish Mines
 13425 | Orc:1    | Found a roughly hewn altar of Beogh.
 13541 | Orc:1    | You fall through a shaft!
 13541 | Orc:2    | Entered Level 2 of the Orcish Mines
 13544 | Orc:2    | Noticed Donald
 13568 | Orc:2    | Killed Donald
 13568 | Orc:2    | Reached skill level 1 in Polearms
 13713 | Orc:2    | Reached XP level 13. HP: 64/95 MP: 3/22
 13878 | Orc:2    | Reached skill level 5 in Dodging
 14080 | Orc:2    | Found a staircase to the Elven Halls.
 14200 | Orc:2    | Reached skill level 5 in Evocations
 14249 | Orc:2    | Reached ****** piety under Kikubaaqudgha
 14262 | Orc:2    | Received a gift from Kikubaaqudgha
 14324 | D:9      | Fell from the grace of Kikubaaqudgha
 14461 | Temple   | Became a worshipper of Gozag Ym Sagoz the Greedy
 14771 | Orc:1    | Found a roughly hewn altar of Beogh.
 15343 | Orc:2    | Found Heroall's Distillery.
 15343 | Orc:2    | Found Kacin's General Store.
 15345 | Orc:2    | Found Mayse's General Store.
 15347 | Orc:2    | Found Voraon's Magic Scroll Shop.
 15351 | Orc:2    | Bought a potion of agility for 64 gold pieces
 15351 | Orc:2    | Bought a potion of resistance for 160 gold pieces
 15351 | Orc:2    | Bought a potion of brilliance for 64 gold pieces
 15352 | Orc:2    | Bought a potion of curing for 42 gold pieces
 15352 | Orc:2    | Bought a potion of invisibility for 112 gold pieces
 15359 | Orc:2    | Bought a scroll of identify for 28 gold pieces
 15359 | Orc:2    | Bought a scroll of identify for 28 gold pieces
 15359 | Orc:2    | Bought a scroll of identify for 28 gold pieces
 15359 | Orc:2    | Bought a scroll of identify for 28 gold pieces
 15359 | Orc:2    | Bought a scroll of identify for 28 gold pieces
 15359 | Orc:2    | Bought a scroll of enchant weapon for 105 gold pieces
 15359 | Orc:2    | Bought a scroll of remove curse for 42 gold pieces
 15918 | D:12     | Lost mutation: You are surrounded by a mild repulsion
                  | field. (EV +2) [potion of mutation]
 15918 | D:12     | Lost mutation: You are agile. (Dex +2) [potion of mutation]
 15918 | D:12     | Gained mutation: Your body often deteriorates upon taking
                  | damage. [potion of mutation]
 15918 | D:12     | Gained mutation: You are partially covered in molten
                  | scales. (AC +2) [potion of mutation]
 15994 | D:12     | Found a runed translucent door.
 15994 | D:12     | Found a shimmering altar of Xom.
 15994 | D:12     | Noticed Brecoman's ghost (journeyman DDEE)
 16314 | D:12     | Noticed a frost giant
 16454 | D:12     | Reached skill level 5 in Polearms
 16714 | Lair:1   | Entered Level 1 of the Lair of Beasts
 16827 | Lair:1   | Noticed a seven-headed hydra
 16840 | Lair:1   | Killed a seven-headed hydra
 16840 | Lair:1   | Reached XP level 14. HP: 104/106 MP: 11/24
 17462 | Lair:1   | Found a runed translucent door.
 17463 | Lair:1   | Identified the +9 spear of Floods {pierce, Int+2 Stlth+}
 17464 | Lair:1   | Noticed Lokunos's ghost (journeyman GnWn)
 18521 | Lair:2   | Lost mutation: Your body often deteriorates upon taking
                  | damage. [potion of mutation]
 18521 | Lair:2   | Lost mutation: Your body sometimes deteriorates upon taking
                  | damage. [potion of mutation]
 18521 | Lair:2   | Lost mutation: You are partially covered in molten scales.
                  | (AC +2) [potion of mutation]
 18521 | Lair:2   | Gained mutation: You have razor-sharp toenails. [potion of
                  | mutation]
 18521 | Lair:2   | Gained mutation: Your mind is acute. (Int +2) [potion of
                  | mutation]
 18521 | Lair:2   | Gained mutation: Your muscles are strong. (Str +2) [potion
                  | of mutation]
 19383 | Lair:3   | Found a staircase to the Swamp.
 19857 | Lair:4   | Reached skill level 10 in Fighting
 19905 | Lair:4   | Reached skill level 10 in Armour
 20282 | Lair:4   | Found a hole to the Spider Nest.
 20852 | Lair:5   | Reached XP level 15. HP: 85/110 MP: 24/27
 21376 | Lair:5   | Reached skill level 10 in Necromancy
 21707 | Lair:5   | Reached skill level 10 in Spellcasting
 22151 | Lair:6   | Entered Level 6 of the Lair of Beasts
 22187 | Lair:6   | Found a transporter.
 22247 | Lair:6   | Identified the +8 spear of the Crushed Hells {vamp, Dex+9
                  | SInv}
 22323 | Lair:6   | Found a bloodstained altar of Trog.
 22324 | Lair:6   | Identified the cursed +0 trident of the Stoat {speed, rC+
                  | MR- MP+9 Str+4}
 22324 | Lair:6   | Noticed milododd's ghost (journeyman DsIE)
 22330 | Lair:6   | Found a transporter.
 22465 | Lair:6   | Was forgiven by Kikubaaqudgha
 22793 | Lair:6   | Found a staircase to the Slime Pits.
 23458 | Lair:6   | Found a runed translucent door.
 23569 | Lair:6   | Reached XP level 16. HP: 99/117 MP: 20/30
 24280 | Lair:6   | Killed milododd's ghost
 24293 | Lair:6   | Slain by a spriggan rider

Skill      XL: |  1  2  3  4  5  6  7  8  9 10 11 12 13 14 15 |
---------------+----------------------------------------------+-----
Conjurations   | 1 2 3 4 6 |  6.3
Poison Magic   | 2 4 8 |  8.0
Fire Magic     | 1 3 4 |  4.0
Air Magic      | 1 2 4 |  4.0
Stealth        | 3 5 6 8 |  8.6
Spellcasting   | 4 5 6 8 10 | 10.9
Shields        | 4 9 |  9.0
Dodging        | 3 4 6 8 |  8.0
Fighting       | 3 5 6 8 10 | 10.0
Armour         | 3 5 6 8 10 | 10.0
Necromancy     | 7 8 9 10 | 10.9
Evocations     | 4 6 7 |  7.9
Polearms       | 2 5 6 |  6.0
Summonings     | |  1.0
Translocations | |  0.8

Action                   |  1- 3 |  4- 6 |  7- 9 | 10-12 | 13-15 | 16-18 || total
-------------------------+-------+-------+-------+-------+-------+-------++-------
Melee: Dagger            |    20 |       |    78 |       |       |       ||    98
       Long sword        |     3 |    81 |    42 |       |       |       ||   126
       Spear             |       |       |   354 |   477 |       |       ||   831
       Halberd           |       |       |       |   216 |  1182 |    31 ||  1429
 Fire: Hunting sling     |       |     1 |    14 |    71 |       |       ||    86
       Shortbow          |       |       |       |   115 |     8 |       ||   123
Throw: Tomahawk          |       |       |     8 |     1 |       |       ||     9
 Cast: Magic Dart        |    78 |    93 |    79 |   157 |   117 |       ||   524
       Mephitic Cloud    |       |     9 |    51 |   100 |   134 |     7 ||   301
       Conjure Flame     |       |     5 |    21 |    68 |   123 |       ||   217
       Dispel Undead     |       |       |       |     6 |    11 |     3 ||    20
       Vampiric Draining |       |       |       |       |    12 |    10 ||    22
Invok: Receive Necronomi |       |       |       |       |     1 |       ||     1
       Renounce Religion |       |       |       |       |     1 |       ||     1
 Abil: Dig               |       |     2 |    14 |    24 |    38 |     2 ||    80
Evoke: Wand              |       |       |       |     6 |    12 |     7 ||    25
  Use: Potion            |       |     1 |     7 |     1 |     3 |     1 ||    13
       Scroll            |       |       |    12 |     3 |     3 |     1 ||    19
 Stab: Confused          |       |     6 |    26 |    40 |    84 |     2 ||   158
       Sleeping          |       |       |     5 |     3 |     2 |       ||    10
       Distracted        |       |       |       |       |     1 |       ||     1
       Paralysed         |       |       |       |       |     5 |       ||     5
  Eat: Chunk             |     1 |     8 |    18 |    37 |     4 |       ||    68
       Ration            |       |       |     1 |       |    12 |       ||    13
Armor: Robe              |     6 |     7 |       |       |       |       ||    13
       Leather armour    |       |    11 |   121 |    40 |       |       ||   172
       Troll leather arm |       |       |       |    43 |   131 |     3 ||   177
Dodge: Dodged            |    26 |    61 |   260 |   339 |   616 |    30 ||  1332
Block: Shield            |       |       |    45 |   258 |   487 |    23 ||   813
       Rpst.: Long sword |     6 |    17 |    10 |       |       |       ||    33
